 Dungeon Crawl Stone Soup version 0.28-a0-422-gd71735cc25 (webtiles) character file.

Game seed: 1161613222709475845

38 zero the Skirmisher (level 3, -2/24 HPs)
             Began as a Gargoyle Cinder Acolyte on Sept 8, 2021.
             Was a High Priest of Ignis.
             Slain by an iguana (11 damage)
             ... on level 3 of the Dungeon.
             The game lasted 00:01:27 (1741 turns).

zero the Skirmisher (Gargoyle Cinder Acolyte)       Turns: 1741, Time: 00:01:27

Health: -2/24      AC:  5    Str: 17    XL:     3   Next: 43%
Magic:  1/5        EV: 11    Int: 15    God:    Ignis [*****.]
Gold:   59         SH:  0    Dex:  5    Spells: 3/5 levels left

rFire   + . .      SeeInvis .   a - -1 mace (flame)
rCold   . . .      Faith    .   (no shield)
rNeg    + . .      Spirit   .   b - +0 robe
rPois   ∞          Reflect  .   (no helmet)
rElec   +          Harm     .   (no cloak)
rCorr   .          Rampage  .   (no gloves)
Will    .....                   (no boots)
Stlth   +.........              (no amulet)
HPRegen 0.08/turn               k - +4 ring of slaying
MPRegen 0.09/turn               (no ring)

@: no status effects
A: sickness immunity, AC +3, negative energy resistance 1, electricity
resistance, torment resistance 1, petrification resistance
a: Renounce Religion, Sea of Fire, Foxfire Swarm, Rising Flame


You were on level 3 of the Dungeon.
You worshipped Ignis.
Ignis was extremely pleased with you.
You visited 1 branch of the dungeon, and saw 3 of its levels.

You collected 59 gold pieces.

Inventory:

Hand Weapons
 a - a -1 mace of flaming (weapon)
Armour
 b - a +0 robe (worn)
Jewellery
 k - a +4 ring of slaying (left hand)
Scrolls
 c - 2 scrolls of identify {unknown}
 d - a scroll of teleportation {unknown}
 e - a scroll of fog {unknown}
 f - a scroll of torment {unknown}
 i - a scroll of holy word {unknown}
Potions
 g - a potion of lignification {unknown}
 h - a potion of attraction {unknown}
 j - 2 potions of heal wounds {unknown}


   Skills:
 + Level 3.7 Fighting
 - Level 3.0 Maces & Flails
 + Level 1.5 Stealth
 + Level 1.6 Spellcasting
 + Level 3.4 Fire Magic


You had 3 spell levels left.
You knew the following spells:

 Your Spells              Type           Power      Damage    Failure   Level
a - Scorch                Fire           22%        2d6       9%          2

Your spell library contained the following spells:

 Spells                   Type           Power      Damage    Failure   Level
 Summon Guardian Golem    Hex/Summ       1%         N/A       56%         3
 Orb of Destruction       Conj           0%         N/A       100%        7
 Spellforged Servitor     Conj/Summ      0%         N/A       100%        7


Dungeon Overview and Level Annotations

Branches:
Dungeon (3/15)

Altars:

Annotations:
D:2 1 runed translucent door, Crazy Yiuf


Innate Abilities, Weirdness & Mutations

You are immune to sickness and miasma.
Your stone body is resilient. (AC +3)
You are immune to poison.
You resist negative energy. (rN+)
You are resistant to electric shocks. (rElec)
You are resistant to unholy torment.
You are immune to petrification.


Message History

* * * LOW HITPOINT WARNING * * *
The iguana closely misses you.
An iguana is nearby!
You are too injured to fight recklessly!
You are too injured to fight recklessly!
An iguana is nearby!
You are too injured to fight recklessly!
You are too injured to fight recklessly!
An iguana is nearby!
You are too injured to fight recklessly!
You are too injured to fight recklessly!
An iguana is nearby!
Casting: Scorch (safe; 9% risk of failure)
Confirm with . or Enter, or press ? or * to list all spells.
You don't have enough magic to cast this spell.
The iguana is no longer more vulnerable to fire.
Your magical contamination has completely faded away.
You see here a +4 ring of slaying.
The teleport trap disappears.
The iguana disappears!
You start resting.
An iguana is nearby!
You see here a +4 ring of slaying.
k - a +4 ring of slaying You are too injured to fight recklessly!
Casting: Scorch (safe; 9% risk of failure)
Confirm with . or Enter, or press ? or * to list all spells.
Flames lash the iguana.
The iguana is severely wounded.
The iguana's fire resistance burns away.
Casting: Scorch (safe; 9% risk of failure)
Confirm with . or Enter, or press ? or * to list all spells.
You don't have enough magic to cast this spell.
k - a +4 ring of slaying (left hand)
You closely miss the iguana.
The iguana is severely wounded.
The iguana bites you but does no damage.
You hit the iguana but do no damage.
The iguana is severely wounded.
The iguana bites you!
You die...

... #.....# #..
#..##.....## #..
.........### ########..
.......... ..........
#......#### #####....
#.........###......##
#.....##..........##
#>.<..........###.###
.##.#...@.##.........†...
.........l....#####>#####
.............## #..#
.........(...## ##.###
###..#######..### ##...#
#.. #....# #...## #.
#..##.###.### .
....##......# ..
#.......#..###


You could see an iguana (inflammable).

Vanquished Creatures
  An adder (D:2)
  2 dart slugs
  4 bats
  3 endoplasms
  2 giant cockroaches (D:1)
  4 hobgoblins
  A quokka (D:1)
  A ball python (D:1)
  A frilled lizard (D:3)
  2 goblins (D:1)
  A kobold (D:1)
  3 rats
25 creatures vanquished.

Notes
Turn   | Place    | Note
-------+----------+-------------------------------------------
     0 | D:1      | zero the Gargoyle Cinder Acolyte began the quest for the
                  | Orb.
     0 | D:1      | Reached XP level 1. HP: 14/14 MP: 2/2
   170 | D:1      | Reached XP level 2. HP: 19/19 MP: 3/3
   173 | D:1      | Learned a level 2 spell: Scorch
   296 | D:1      | Reached skill level 1 in Stealth
   888 | D:2      | Found a faded altar of an unknown god.
   921 | D:2      | Reached XP level 3. HP: 18/23 MP: 5/5
  1368 | D:2      | Found a runed translucent door.
  1369 | D:2      | Noticed Crazy Yiuf
  1741 | D:3      | Slain by an iguana

Illustrated notes

Levels and vault maps discovered:
D:1:      ebering_hopf_link, layout_rooms
D:2:      layout_rooms, chequers_ecumenical_altar_island, minmay_tetromino_o4,
          uniq_crazy_yiuf_cottage
D:3:      layout_rooms

Skill      XL: |  1  2 |
---------------+-------+-----
Stealth        | 1 |  1.5
Fighting       | |  3.7
Maces & Flails | |  3.0
Spellcasting   | |  1.6
Fire Magic     | |  3.4

Action                   || total
-------------------------++-------
Melee: Mace              ||    61
 Cast: Scorch            ||     4
Invok: Sea of Fire       ||     2
 Stab: Sleeping          ||     1
Armor: Robe              ||    24
Dodge: Dodged            ||    35

Table legend: (Time is in decaauts)
 A = Elapsed time spent in this place.
 B = Non-inter-level travel time spent in this place.
 C = Inter-level travel time spent in this place.
 D = Time resting spent in this place.
 E = Time spent auto-exploring this place.
 F = Levels seen in this place.
 G = Mean time per level.
                   A        B        C        D        E       F      G
               +--------+--------+--------+--------+--------+-----+--------+
         Total |   1761 |   1705 |     56 |    123 |   1368 |   3 |  587.0 |
       Dungeon |   1761 |   1705 |     56 |    123 |   1368 |   3 |  587.0 |
               +--------+--------+--------+--------+--------+-----+--------+

Top non-repeatable levels by time:
     D:1: 850 daAuts
     D:2: 819 daAuts
     D:3: 91 daAuts
